 Dungeon Crawl Stone Soup version 0.30.1-11-g7821555f0a (webtiles) character file.

Game seed: 15770277940881017209

99 KittyFluff the Cudgeller (level 4, -3/29 HPs)
             Began as a Gargoyle Berserker on Nov 7, 2023.
             Was a Believer of Trog.
             Slain by Grinder (6 damage)
             ... on level 3 of the Dungeon.
             The game lasted 00:09:09 (2074 turns).

KittyFluff the Cudgeller (Gargoyle Berserker)       Turns: 2074, Time: 00:09:11

Health: -3/29      AC:  9    Str: 23    XL:     4   Next: 72%
Magic:  4/4        EV: 11    Int:  7    God:    Trog [**....]
Gold:   72         SH:  0    Dex:  9    Spells: 3/3 levels left

rFire   . . .        a - +0 mace
rCold   . . .        (no shield)
rNeg    + . .        h - +0 leather armour
rPois   ∞            i - +0 helmet
rElec   +            f - +0 cloak
rCorr   .            (no gloves)
SInv    .            (no boots)
Will    .....        (no amulet)
Stlth   +            (no ring)
HPRegen 0.24/turn    (no ring)
MPRegen 0.09/turn

%: no passive effects
@: no status effects
A: sickness immunity, AC +3, negative energy resistance 1, electricity
resistance, torment resistance 1, petrification resistance
a: Renounce Religion, Berserk, Trog's Hand


You were on level 3 of the Dungeon.
You worshipped Trog.
Trog was pleased with you.
You visited 1 branch of the dungeon, and saw 3 of its levels.

You collected 72 gold pieces.

Inventory:

Hand Weapons
 a - a +0 mace (weapon)
Missiles
 g - 2 poisoned darts (quivered)
Armour
 f - a +0 cloak (worn)
 h - a +0 leather armour (worn)
 i - a +0 helmet (worn)
Jewellery
 l - a ring of positive energy
Scrolls
 e - a scroll of blinking {unknown}
 j - 2 scrolls of teleportation {unknown}
Potions
 b - a potion of cancellation {unknown}
 c - 2 potions of might {unknown}
 d - a potion of mutation {unknown}
 k - 3 potions of curing {unknown}
 m - a potion of attraction {unknown}


   Skills:
 + Level 3.8 Fighting
 * Level 3.9 Maces & Flails
 * Level 3.5 Armour
 + Level 2.1 Dodging


You had 3 spell levels left.
You didn't know any spells.
Your spell library was empty.

Dungeon Overview and Level Annotations

Branches:
Dungeon (3/15)

Altars:

Annotations:
D:3 Grinder


Innate Abilities, Weirdness & Mutations

You are immune to sickness and miasma.
Your stone body is resilient. (AC +3)
You are immune to poison.
You resist negative energy. (rN+)
You are resistant to electric shocks. (rElec)
You are resistant to unholy torment.
You are immune to petrification.


Message History

The orc barely misses you.
You sock the orc!
You kill the orc!
Trog accepts your kill.
Items here: )) ††.
Okay, then.
Grinder shouts!
Grinder hits you.
You barely miss Grinder.
Grinder says, "I used to sell toenails on the black market."
Grinder barely misses you.
You hit Grinder.
Grinder is lightly wounded.
Grinder says, "Wait up."
Grinder gestures at you. You resist with significant effort. Grinder hits you!
You writhe in agony.
You hit Grinder.
Grinder is moderately wounded.
Grinder gestures at you.
You suddenly lose the ability to move!
Grinder gestures at you. Pain shoots through your body!
You can move again.
You sock Grinder!
Grinder is heavily wounded.
Grinder hits you but does no damage.
You closely miss Grinder.
Grinder is heavily wounded.
Grinder hits you!
You writhe in agony.
* * * LOW HITPOINT WARNING * * *
You hit Grinder but do no damage.
Grinder is heavily wounded.
Grinder hits you but does no damage.
You barely miss Grinder.
Grinder is heavily wounded.
Grinder gestures at you. Pain shoots through your body!
* * * LOW HITPOINT WARNING * * *
Grinder hits you.
You die...

. #..........#.......# #.#... .
#..........#######.###.#.## .
#...............##.....#.##
.#######.........####.##.####....
.........................#.......
#.##################.###.........
#..#.###### #....# #.....#.....<.
#.#†....#.###....#######.#....#.#
######.#..##....@........##...#..
#..#.####.##....5#######.##...###
#)#.....#.##..............#......
#.####.#..##.####.........#....#.
#..#.#######.# #.........#......
#.#.....#.##.# #.........#.#..#.
######.#..##.# #.........#.#..#.
#### ####.##.# #.........#.#..##
...# #....# #.........#.#....


You could see Grinder.

Vanquished Creatures
  2 adders
  A dart slug (D:1)
  7 orcs (D:3)
  10 bats
  6 endoplasms
  2 giant cockroaches
  3 hobgoblins
  4 jackals (D:2)
  4 quokkas
  10 ball pythons
  4 frilled lizards
  6 goblins
  2 kobolds
  5 rats
66 creatures vanquished.

Vanquished Creatures (others)
  A hobgoblin (D:1)
1 creature vanquished.

Grand Total: 67 creatures vanquished

Notes
Turn   | Place    | Note
-------+----------+-------------------------------------------
     0 | D:1      | KittyFluff the Gargoyle Berserker began the quest for the
                  | Orb.
     0 | D:1      | Reached XP level 1. HP: 14/14 MP: 1/1
   134 | D:1      | Reached XP level 2. HP: 19/19 MP: 2/2
   490 | D:1      | Reached XP level 3. HP: 20/23 MP: 3/3
   530 | D:1      | Found a faded altar of an unknown god.
   744 | D:1      | Reached ** piety under Trog
  1123 | D:2      | Reached XP level 4. HP: 29/29 MP: 4/4
  1569 | D:3      | Noticed Grinder
  1572 | D:3      | Paralysed by Grinder for 5 turns
  2069 | D:3      | Paralysed by Grinder for 2 turns
  2074 | D:3      | Slain by Grinder

Illustrated notes

Levels and vault maps discovered:
D:1:      eino_arrival_druids_welcome, layout_basic,
          chequers_ecumenical_altar_simple, serial_forest,
          infiniplex_forest_zigzag_2, infiniplex_forest_end_2,
          infiniplex_forest_clump_diagonal, infiniplex_forest_lined_3_way,
          infiniplex_forest_lined_2, infiniplex_forest_zigzag_1,
          infiniplex_forest_clump_C, infiniplex_forest_clump_double,
          infiniplex_forest_zigzag_1, infiniplex_forest_corner_2
D:2:      layout_basic
D:3:      minmay_angry_zag, layout_basic, uniq_grinder

Skill      XL: |  1  2  3 |
---------------+----------+-----
Dodging        | 2 |  2.1
Armour         | 3 |  3.5
Fighting       | |  3.8
Maces & Flails | |  3.9

Action                     |  1- 3 |  4- 6 || total
---------------------------+-------+-------++-------
  Melee: Mace              |   124 |    97 ||   221
         Punch             |     2 |     1 ||     3
    Use: Scroll            |     1 |       ||     1
 Armour: Animal skin       |    20 |       ||    20
         Leather armour    |    31 |    51 ||    82
  Dodge: Dodged            |    85 |    65 ||   150
